Unix NetHack Version 5.0.0-0 post-release - last build May 31 2026 23:59:36 (970b52f25bf058293b47ddfd14a1e40e571c508c,branch:main).

Game began 2026-06-08 17:13:46, ended 2026-06-08 17:23:44.

DiePARTEI, neutral female human Tourist

      ----   ----                       ----
    ---..|  --..| --- ----            ---..----
    |....-- |...---.---..--           |.......|                   ----
    |.....| |.............|           |.-----.|                   |..---
    --..<.---.....*^^.....--     -----|.|   |.-----  -----  ----  |....|
     --..........---.......|     |..|.|.|   |.....|  |...----..-- --...---
      |...%......| ---.|.-.|     |......|   ----->| --.....|....|  |.....--
      |.........--   ----..------|......|       |.| |..........-| --......|----
      |....|.----       |.....G.---.|..--       |.---...........--|..|.-----..|
      --..----          |....--@.|--|.--        |................||.-------...|
       |...|            ---.----h---|.---       ------...........||.|   |...---
   -----...--             ---  |...||...--           |...-----...--.|   |.---
  --.|......|   ---            |...|---..|         ---..-|  --......|   |.|
  |.........| ---.----         |...----..|-----   --.....|  |.......|   |.|
  --........---......|         ---...|...--.|.|   |......|  ----....-----.|
   --................------      |............|  ---.....|     --.....--..|
    --.--.............--..|      ----.........|  |.......|      |-.......--
     -----................--        ----...----  |.......--------.....----
         |.................|           --..|     |...................--
         ---.|.|.----.|.--.|            ----     ---.-------------..--
           -------  --------                       ---           ----
DiePARTEI the Rambler       St:12 Dx:9 Co:16 In:13 Wi:10 Ch:16  Neutral
Dlvl:4  $:26 HP:0(20) Pw:14(14) AC:5  Xp:2 T:1520 

Latest messages:
 You hear some noises.
 It misses the dwarf.
 It bites the dwarf.
 The dwarf is killed!
 D - a pair of hard shoes.
 What do you want to wear? [D or ?*] D
 You finish your dressing maneuver.
 A trap door in the ceiling opens and a rock falls on your head!
 E - a brass lantern.
 You feel tired.
 What do you want to use or apply? [noE or ?*] E
 Your lantern is now on.
 You are momentarily blinded by a flash of light!
 You hear a deafening roar!
 It misses!
 Wait!  There's something there you can't see!
 It hits!
 It hits!
 You try to feel what is lying here on the floor.
 You feel here a gem.
 F - a gem.
 You try to feel what is lying here on the floor.
 You feel here 8 stones.
 You can see again.
 In what direction? 3
 The dart misses the dwarf.
 In what direction? 3
 The dart misses the dwarf.
 The dwarf thrusts her broad short sword.
 The dwarf hits!
 What do you want to drink? [jC or ?*] j
 You feel much better.
 You can hear again.
 The gnome picks up 8 rocks.
 There is nothing here to pick up.
 You miss the dwarf.
 The dwarf thrusts her broad short sword.
 The dwarf hits!
 There is nothing here to pick up.
 You hit the dwarf.
 The gnome hits!
 You hear some noises in the distance.
 There is nothing here to pick up.
 You hit the dwarf.
 The gnome hits!
 The dwarf thrusts her broad short sword.
 The dwarf hits!
 You die...
 Do you want your possessions identified? [ynq] (y) y
 Do you want to see your attributes? [ynq] (y) q

Inventory:
 Coins    ('$')
  $ - 26 gold pieces
 Weapons  (')')
  a - 29 +2 darts (at the ready)
 Armor    ('[')
  D - an uncursed +0 pair of iron shoes (being worn)
  x - an uncursed +0 alchemy smock with text "Don't make me poison you" (being worn)
  m - a blessed +0 Hawaiian shirt with a plumeria motif (being worn)
  s - an uncursed +0 orcish ring mail (being worn)
 Comestibles  ('%')
  d - an uncursed slime mold
  f - 4 uncursed food rations
  g - an uncursed lembas wafer
 Scrolls  ('?')
  w - an uncursed scroll of enchant armor
  l - a blessed scroll of magic mapping
  k - 2 uncursed scrolls of magic mapping
 Potions  ('!')
  C - an uncursed potion of restore ability
 Tools    ('(')
  E - a cursed brass lantern (lit)
  o - an uncursed credit card
  n - an expensive camera (0:40)
 Gems/Stones  ('*')
  r - an uncursed worthless piece of green glass
  F - an uncursed worthless piece of green glass
  v - an uncursed worthless piece of yellow glass

DiePARTEI the Tourist's attributes:

Background:
 You were a Rambler, a level 2 female human Tourist.
 You were neutral, nominally on a mission for The Lady
 who was opposed by Blind Io (lawful) and Offler (chaotic).
 You were right-handed.
 You were in the Gnomish Mines, on level 4.
 You entered the dungeon 1520 turns ago.
 You had 22 experience points, 18 more were needed to attain level 3.

Basics:
 You had 0 out of 20 hit points.
 You had all 14 energy points (spell power).
 Your armor class was 5.
 Your wallet contained 26 zorkmids.
 Autopickup was off.

Final Characteristics:
 Your strength was 12 (limit:18/100).
 Your dexterity was 9 (limit:18).
 Your constitution was 16 (limit:18).
 Your intelligence was 13 (limit:18).
 Your wisdom was 10 (limit:18).
 Your charisma was 16 (limit:18).

Final Status:
 You weren't hungry.
 You were unencumbered.
 You were bare handed.
 You were unskilled in bare handed combat.

Final Attributes:
 You were nominally aligned.
 You were poison resistant.
 You were acid resistant.
 Your items were protected from acid.
 You were warded.
 You are dead.

Miscellaneous:
 You didn't encounter any bones levels.
 Total elapsed playing time was 9 minutes and 57 seconds.

Major events:
 Turn
    1: DiePARTEI the neutral female human Tourist entered the dungeon
 1478: entered the Gnomish Mines
 1520: killed by a dwarf

You didn't know any spells.

Skills:
 Fighting Skills
   bare handed combat [Unskilled]
   two weapon combat  [Unskilled]
   riding             [Unskilled]
 Weapon Skills
   dagger             [Unskilled]
   knife              [Unskilled]
   axe                [Unskilled]
   pick-axe           [Unskilled]
   short sword        [Unskilled]
   broadsword         [Unskilled]
   long sword         [Unskilled]
   two-handed sword   [Unskilled]
   saber              [Unskilled]
   mace               [Unskilled]
   morning star       [Unskilled]
   flail              [Unskilled]
   hammer             [Unskilled]
   quarterstaff       [Unskilled]
   polearms           [Unskilled]
   spear              [Unskilled]
   trident            [Unskilled]
   lance              [Unskilled]
   bow                [Unskilled]
   sling              [Unskilled]
   crossbow           [Unskilled]
   dart               [Basic]
   shuriken           [Unskilled]
   boomerang          [Unskilled]
   whip               [Unskilled]
   unicorn horn       [Unskilled]
 Spellcasting Skills
   divination spells  [Unskilled]
   enchantment spells [Unskilled]
   escape spells      [Unskilled]

Voluntary challenges:
 Character rerolling was not enabled.
 You followed a strict vegan diet.
 You were an atheist.
 You never hit with a wielded weapon.
 You never genocided any monsters.
 You never polymorphed an object.
 You never changed form.
 You used no wishes.
Achievements:
 You entered a shop.
 You entered the Gnomish Mines.

 The Dungeons of Doom: levels 1 to 4
    Level 1:
    Level 2:
    Level 3:
       A general store.
       Stairs down to The Gnomish Mines.
    Level 4:
 The Gnomish Mines:
    Level 4: <- You were here.
       Final resting place for
          you, killed by a dwarf.


Vanquished creatures:
  a dwarf
  6 orc zombies
  a gas spore
  a giant rat
  a gnome
  3 gnome zombies
  2 geckos
  2 jackals
  3 foxes
  a sewer rat
  6 grid bugs
  a lichen
  3 kobold zombies
  2 newts
33 creatures vanquished.

No species were genocided or became extinct.

Game over:
                       ----------
                      /          \
                     /    REST    \
                    /      IN      \
                   /     PEACE      \
                  /                  \
                  |    DiePARTEI     |
                  |      26 Au       |
                  |   killed by a    |
                  |      dwarf       |
                  |                  |
                  |                  |
                  |       2026       |
                 *|     *  *  *      | *
        _________)/\\_//(\/(/\)/\//\/|_)_______

Aloha DiePARTEI the Tourist...

You died in The Gnomish Mines on dungeon level 4 with 278 points,
and 26 pieces of gold, after 1520 moves.
You were level 2 with a maximum of 20 hit points when you died.

